Map: Complesso Moebius XX-1

Players

RADEKTRON

  • Race: Zerg Zerg

Jhyrachy

  • Race: Zerg Zerg
  • League: Gold

bgscs

  • Race: Protoss Protoss

Kris

  • Race: Terran Terran

Archus

  • Race: Zerg Zerg

Hemeroc

  • Race: Protoss Protoss

Ironman

  • Race: Protoss Protoss
  • League: Silver

WrathCrusade

  • Race: Protoss Protoss

VOD

Have the link to the VOD?

Description

Time

  • Played on: April 17, 2016, 8:11 a.m.
  • Length: 17:06
Show
View Real Time Build Order
Export as new Build Order

RADEKTRON Zerg 

Build Orders: Hatch First 

Get SALT Encoding   

  12  0:02  Drone  
  13  0:11  Drone  
  14  0:29  Overlord  
  14  0:48  Drone  
  14  0:49  Hatchery, Drone  
  15  1:13  Spawning Pool  
  14  2:02  Zergling x6  
  13  2:40  Zergling x6  
  16  2:54  Drone x2  
  16  2:55  Drone  
  19  3:04  Queen  
  21  3:06  Queen  
  23  3:58  Drone x2  
  23  3:59  Drone x3  
  28  4:04  Extractor  
  28  4:09  Extractor  
  26  4:24  Overlord x3  
  26  4:25  Overlord x2  
  26  4:38  Drone x2  
  28  4:44  Drone x4  
  32  5:00  Drone x3  
  32  5:01  Drone x5  
  40  5:12  Lair  
  40  5:17  Spore Crawler  
  39  5:28  Drone  
  39  5:29  Drone x4  
  44  5:37  Extractor  
  44  5:38  Extractor  
  44  5:39  Drone x5  
  45  6:32  Spire  
  44  6:49  Hatchery  
  43  7:24  Drone  
  43  7:25  Drone x5  
  49  7:35  Overlord x3  
  49  7:36  Overlord  
  49  7:49  Corruptor x2  
  49  7:50  Corruptor x3  
  59  7:54  Overlord x3  
  59  8:19  Corruptor x6  
  65  8:20  Corruptor x3  
  75  8:37  Corruptor x2  
  75  8:38  Corruptor  
  77  9:08  Corruptor x2  
  77  9:09  Corruptor x2  
  75  9:27  Corruptor x2  
  79  9:57  Hatchery  
  78  10:06  Zerg Flyer Weapons Level 1  
  78  10:11  Overlord x4  
  78  10:12  Overlord x2, Spire  
  77  10:25  Overseer  
  77  10:40  Zergling x6  
  77  10:41  Zergling x2  
  81  10:58  Corruptor  
  81  10:59  Corruptor x3  
  89  11:10  Infestation Pit  
  88  11:27  Mutalisk x4  
  96  11:53  Zergling x2  
  96  11:54  Zergling x12  
  99  11:55  Zergling x12  
  99  11:56  Zergling x2  
  95  12:54  Corruptor x6  
  95  12:55  Corruptor x4  
  115  13:00  Zergling x14  
  19  14:56  Hatchery  
Show
View Real Time Build Order
Export as new Build Order

Jhyrachy Zerg 

Build Orders: Hatch First 

Get SALT Encoding   

  12  0:03  Drone  
  13  0:13  Drone  
  14  0:18  Overlord  
  14  0:37  Drone x3  
  17  1:05  Drone  
  17  1:07  Extractor, Drone  
  17  1:08  Hatchery  
  17  1:20  Overlord  
  17  1:28  Spawning Pool  
  17  1:32  Drone  
  17  1:33  Drone  
  18  1:43  Overlord  
  18  1:59  Drone  
  19  2:04  Drone  
  20  2:15  Drone  
  21  2:16  Metabolic Boost  
  21  2:22  Evolution Chamber  
  20  2:37  Queen x2  
  20  2:39  Drone  
  20  2:40  Drone x3  
  28  2:46  Drone  
  28  2:48  Drone  
  30  3:01  Drone x2  
  32  3:13  Pneumatized Carapace  
  32  3:26  Drone  
  32  3:27  Drone x4  
  37  3:44  Zergling x6  
  40  3:50  Zergling x2  
  40  3:51  Zergling x6  
  40  3:54  Overlord  
  44  4:27  Zerg Melee Weapons Level 1  
  44  4:31  Zergling x2  
  45  4:32  Zergling x14  
  45  4:33  Overlord  
  45  4:34  Overlord x2  
  52  4:58  Hatchery  
  51  5:08  Drone x2  
  51  5:12  Drone x2  
  51  5:13  Drone  
  56  5:16  Drone  
  56  5:17  Drone, Extractor  
  50  6:27  Spore Crawler  
  50  6:29  Spore Crawler  
  46  6:33  Spore Crawler  
  39  7:09  Lair  
  39  7:12  Queen  
  39  7:13  Drone  
  39  7:14  Drone x16  
  39  7:15  Drone  
  59  7:20  Extractor  
  59  7:22  Extractor  
  57  7:26  Drone x3  
  60  7:39  Extractor  
  59  8:07  Spine Crawler  
  59  8:08  Queen  
  60  8:43  Spire  
  60  8:47  Infestation Pit  
  58  9:02  Extractor  
  57  9:24  Overlord x4  
  57  9:26  Hive  
  57  9:50  Hatchery  
  56  10:03  Evolution Chamber  
  56  10:06  Queen  
  57  10:17  Queen  
  59  10:33  Drone x3  
  59  10:34  Spine Crawler  
  61  10:37  Mutalisk  
  61  10:38  Mutalisk x11  
  61  10:39  Mutalisk x8  
  101  10:44  Overlord x4  
  101  10:52  Zerg Melee Weapons Level 2  
  101  10:53  Queen  
  103  11:09  Spore Crawler  
  102  11:13  Zerg Flyer Weapons Level 1  
  102  11:17  Zerg Ground Armor Level 1  
  102  11:29  Queen  
  64  12:38  Corruptor x7  
  64  12:39  Corruptor x3  
  64  12:44  Drone x8  
  89  12:45  Drone x6  
  46  13:47  Zergling x2  
  46  13:48  Zergling x22  
  52  14:00  Zerg Melee Weapons Level 3, Zerg Ground Armor Level 2  
  52  14:09  Queen, Spine Crawler x2  
  50  14:10  Queen, Spine Crawler  
  50  14:11  Spine Crawler x2  
  50  14:12  Spine Crawler  
  50  14:22  Spine Crawler  
  47  14:24  Spine Crawler  
  47  14:26  Spine Crawler  
  47  14:27  Spine Crawler  
  47  14:28  Spine Crawler  
  47  14:29  Spine Crawler  
  47  14:30  Spine Crawler  
  40  14:32  Spine Crawler  
  39  14:40  Adrenal Glands  
  39  14:45  Queen x2  
  32  15:21  Queen x2  
  36  15:56  Queen  
  36  15:57  Queen  
  40  16:32  Hatchery, Overseer  
  39  16:33  Overseer x3  
  40  16:56  Hatchery  
Show
View Real Time Build Order
Export as new Build Order

bgscs Protoss 

Build Orders: 1 Gate Expand 

Get SALT Encoding   

  12  0:02  Probe (Chrono Boost)  
  13  0:13  Probe (Chrono Boost)  
  14  0:18  Pylon  
  14  0:23  Probe (Chrono Boost)  
  15  0:36  Probe (Chrono Boost)  
  15  0:41  Gateway  
  16  0:47  Probe (Chrono Boost)  
  17  0:57  Probe (Chrono Boost)  
  18  1:08  Probe (Chrono Boost)  
  19  1:18  Probe (Chrono Boost)  
  19  1:23  Nexus  
  20  1:29  Assimilator, Probe (Chrono Boost)  
  21  1:37  Pylon  
  22  1:40  Probe (Chrono Boost)  
  22  1:48  Cybernetics Core  
  22  1:50  Probe (Chrono Boost)  
  23  1:55  Assimilator  
  23  2:01  Probe (Chrono Boost)  
  24  2:03  Pylon  
  24  2:10  Zealot  
  24  2:11  Probe (Chrono Boost)  
  27  2:19  Pylon, Warp Gate (Chrono Boost)  
  27  2:22  Probe (Chrono Boost)  
  28  2:32  Probe (Chrono Boost)  
  28  2:36  Probe (Chrono Boost)  
  30  2:42  Stalker  
  32  2:47  Probe (Chrono Boost)  
  32  2:48  Probe (Chrono Boost)  
  34  2:56  Assimilator  
  34  2:58  Probe (Chrono Boost)  
  35  3:00  Probe (Chrono Boost)  
  35  3:04  Assimilator  
  36  3:09  Mothership Core (Chrono Boost)  
  36  3:10  Probe (Chrono Boost)  
  39  3:14  Pylon  
  39  3:20  Probe (Chrono Boost)  
  39  3:22  Pylon  
  40  3:28  Pylon  
  40  3:29  Probe (Chrono Boost)  
  41  3:37  Twilight Council  
  41  3:41  Stalker (Chrono Boost)  
  43  3:48  Gateway  
  43  3:58  Forge  
  43  4:05  Stalker (Chrono Boost)  
  43  4:07  Pylon  
  45  4:20  Blink (Chrono Boost)  
  45  4:22  Protoss Ground Weapons Level 1 (Chrono Boost)  
  45  4:46  Stalker  
  45  4:51  Gateway  
  45  4:52  Pylon  
  47  4:57  Pylon  
  47  5:09  Stalker x2  
  51  5:23  Pylon  
  51  5:33  Stalker x2  
  55  5:44  Nexus  
  55  5:57  Robotics Facility  
  55  6:00  Pylon x2  
  55  6:01  Protoss Ground Armor Level 1  
  55  6:06  Pylon  
  55  6:13  Pylon  
  55  6:24  Stalker x2  
  59  6:34  Gateway  
  59  6:36  Gateway  
  59  6:39  Pylon  
  59  6:40  Pylon  
  59  6:45  Observer  
  60  7:05  Stalker x2  
  60  7:06  Stalker  
  60  7:07  Observer  
  67  7:12  Assimilator  
  67  7:14  Assimilator  
  67  7:33  Robotics Bay, Pylon  
  67  7:37  Pylon  
  67  7:40  Pylon, Protoss Shields Level 1  
  67  7:51  Stalker  
  67  7:52  Stalker x3  
  75  8:08  Stalker  
  75  8:12  Stalker x2  
  81  8:47  Stalker x4  
  81  8:48  Stalker  
  91  9:25  Stalker x3  
  91  9:26  Stalker x2  
  101  9:46  Observer  
  102  9:54  Stalker x4  
  102  9:55  Protoss Ground Weapons Level 2, Stalker  
  112  10:07  Colossus  
  118  10:14  Extended Thermal Lance  
  118  10:32  Stalker x3  
  124  10:56  Stalker x2  
  128  11:01  Colossus  
  134  11:34  Stalker x5  
  144  11:53  Protoss Ground Armor Level 2  
  144  11:54  Observer Gravitic Boosters  
  125  12:53  Stalker x4  
  125  12:54  Stalker  
  133  13:21  Stalker x2  
  133  13:22  Stalker x3  
  143  13:51  Stalker x4  
  143  13:52  Stalker  
  153  14:02  Colossus  
  159  14:13  Stalker x2  
  115  14:36  Stalker x3  
  115  14:37  Stalker x2  
  79  15:00  Stalker x3  
  79  15:01  Stalker x2  
  81  15:48  Stalker  
  81  15:49  Stalker x4  
  91  16:40  Stalker  
  91  16:41  Stalker x4  
Show
View Real Time Build Order
Export as new Build Order

Kris Terran 

Build Orders: MMM Bio 

Get SALT Encoding   

  12  0:02  SCV  
  13  0:14  SCV  
  14  0:24  Supply Depot  
  14  0:26  SCV  
  15  0:47  Barracks  
  15  0:48  SCV  
  16  0:53  Refinery  
  16  1:00  SCV  
  17  1:12  SCV  
  18  1:48  Marine  
  18  1:53  Barracks  
  19  1:55  SCV  
  20  2:06  Marine  
  21  2:10  Bunker  
  21  2:23  Marine  
  21  2:26  Supply Depot  
  21  2:29  Supply Depot  
  22  2:30  Supply Depot  
  22  2:31  Supply Depot  
  22  2:41  Marine  
  23  3:02  Barracks Tech Lab  
  23  3:04  Supply Depot  
  23  3:06  Barracks Reactor, Supply Depot  
  23  3:09  SCV  
  24  3:26  Marine  
  25  3:28  Stimpack  
  25  3:32  Barracks  
  25  3:35  Barracks  
  25  3:44  Marine  
  26  4:09  Marine x2  
  27  4:13  SCV  
  29  4:27  Marine x2  
  31  4:35  Command Center  
  31  4:45  Marine x2  
  33  4:46  Factory  
  33  4:47  Barracks Tech Lab  
  33  4:53  Barracks Reactor  
  33  5:08  Combat Shields  
  33  5:11  Marauder  
  35  5:17  Refinery  
  35  5:18  SCV  
  36  5:33  Marauder  
  38  5:41  SCV  
  39  5:45  Engineering Bay  
  39  5:49  Factory Tech Lab  
  39  5:50  Marine x2  
  39  5:53  SCV  
  39  5:54  Marine x2  
  44  6:08  Marine x2  
  46  6:50  Starport  
  46  6:52  Siege Tank  
  49  6:55  SCV  
  49  7:00  Refinery  
  50  7:03  Orbital Command  
  50  7:07  Marine, SCV  
  50  7:08  Marine  
  53  7:14  Marauder  
  55  7:19  SCV  
  55  7:21  Marauder  
  58  7:23  Refinery  
  58  7:24  Marine  
  58  7:25  Marine x2  
  58  7:26  Marine  
  58  7:28  Starport Tech Lab  
  62  7:31  SCV  
  59  8:19  Medivac  
  60  8:27  Starport  
  60  8:44  Marine x5  
  60  8:45  Marine  
  66  8:49  Medivac  
  68  9:01  Starport  
  63  9:03  Starport  
  60  9:48  SCV  
  60  9:51  SCV  
  62  9:58  Starport Reactor  
  62  9:59  Starport Reactor  
  62  10:00  SCV  
  62  10:01  Starport Tech Lab  
  62  10:03  SCV  
  62  10:06  Armory  
  64  10:16  SCV  
  64  10:18  Barracks  
  64  10:20  Marine x4  
  73  10:21  Marauder x2  
  73  10:26  Barracks  
  73  10:28  SCV  
  74  10:38  Marine x2  
  74  10:40  SCV  
  77  11:08  Command Center  
  77  11:15  Medivac x4  
  85  11:19  SCV  
  86  11:42  Marine x4, SCV  
  86  11:43  Barracks Reactor  
  86  11:44  Barracks Tech Lab  
  91  11:54  SCV  
  92  12:04  Medivac x2  
  92  12:05  Medivac  
  98  12:08  Medivac  
  98  12:09  Marine  
  98  12:10  Marine  
  98  12:11  Marine  
  98  12:14  Marine  
  104  12:16  Marine  
  104  12:19  Marine  
  105  12:53  Marine x4  
  105  12:54  Marine  
  110  13:37  Marine  
  110  13:38  Marine  
  110  13:39  Marine  
  110  13:40  Marine x3  
  110  13:41  Marine x2  
  103  14:34  SCV  
  104  14:47  SCV  
  89  15:41  Marine x4  
  89  15:42  Marine  
  93  15:53  Marine x2  
  93  15:54  Marine x2  
  97  15:59  Marine x5  
  102  16:11  Marine x3  
  102  16:12  Marine  
  102  16:17  Marine  
  107  16:44  Marine  
  107  16:45  Marine x2  
Show
View Real Time Build Order
Export as new Build Order

Archus Zerg 

Build Orders: Hatch First 

Get SALT Encoding   

  12  0:02  Drone  
  13  0:08  Drone  
  14  0:17  Overlord  
  14  0:23  Extractor  
  14  0:24  Extractor  
  14  0:25  Drone  
  13  0:30  Drone  
  16  0:44  Drone  
  16  0:46  Drone  
  18  0:58  Drone  
  19  1:11  Hatchery  
  18  1:15  Spawning Pool  
  18  1:16  Drone  
  18  1:28  Extractor  
  18  1:31  Drone x2  
  19  2:02  Queen  
  19  2:03  Overlord  
  19  2:04  Drone  
  22  2:10  Extractor  
  21  2:29  Drone x2  
  23  2:30  Drone  
  24  2:42  Lair  
  24  2:45  Queen  
  24  2:47  Drone x4  
  30  2:57  Metabolic Boost  
  30  3:01  Drone x2  
  32  3:14  Drone  
  32  3:17  Drone x3  
  32  3:18  Overlord  
  32  3:19  Overlord  
  36  3:45  Drone  
  36  3:47  Drone x4  
  41  3:53  Infestation Pit  
  40  3:57  Spore Crawler  
  40  4:00  Spore Crawler  
  40  4:02  Drone x5  
  43  4:06  Extractor  
  43  4:08  Extractor, Drone x3  
  43  4:09  Drone  
  45  4:17  Hatchery  
  44  4:34  Drone x2  
  44  4:35  Drone x3  
  49  4:40  Pathogen Glands  
  49  4:45  Nydus Network  
  48  5:05  Overlord x2  
  48  5:06  Drone x4  
  52  5:07  Hatchery  
  52  5:10  Overlord  
  52  5:11  Overlord  
  51  5:28  Infestor x4  
  55  5:31  Queen  
  61  5:42  Baneling Nest  
  61  5:43  Zergling x6  
  61  5:44  Zergling x4  
  61  5:45  Zergling x2  
  58  6:25  Zergling x6  
  54  6:26  Zergling x12  
  54  6:27  Zergling x2  
  62  6:45  Infestor x5  
  72  6:49  Burrow  
  72  6:58  Queen  
  74  7:08  Hydralisk Den  
  74  7:11  Centrifical Hooks  
  74  7:14  Evolution Chamber  
  72  7:17  Evolution Chamber  
  72  7:18  Zergling x2  
  72  7:19  Zergling x12  
  72  7:20  Zergling x12  
  72  7:21  Zergling x4  
  86  7:42  Muscular Augments  
  86  7:47  Drone  
  86  7:50  Overlord x4  
  87  7:57  Nydus Canal  
  78  8:38  Hydralisk x6  
  78  8:39  Hydralisk x2  
  94  8:57  Zerg Missile Weapons Level 1  
  94  9:02  Spore Crawler x3  
  91  10:02  Drone  
  91  10:03  Drone x3  
  91  10:04  Hydralisk x6  
  91  10:05  Hydralisk x2  
  91  10:07  Overlord x6  
  111  10:13  Lurker Den  
  111  10:23  Zerg Ground Armor Level 1  
  111  10:51  Hydralisk x4  
  111  10:52  Hydralisk x4  
  111  10:53  Hydralisk x2  
  111  10:54  Hydralisk  
  133  11:19  Hydralisk x5  
  133  11:20  Hydralisk x2  
  147  11:27  Overseer x2  
  134  12:26  Hydralisk  
  134  12:27  Hydralisk x3  
  109  14:28  Infestor x2  
  109  14:29  Infestor x2  
  81  14:42  Hydralisk  
  73  14:47  Hydralisk  
  73  14:48  Hydralisk x15  
  73  14:49  Hydralisk  
  93  15:30  Extractor  
  93  15:31  Extractor  
  93  15:32  Lurker x3  
  93  15:33  Lurker x5  
  93  15:34  Lurker x4  
  93  15:35  Lurker  
  104  15:41  Zergling x2  
  104  15:42  Zergling x22  
  116  15:47  Hatchery  
  116  15:48  Overlord  
  116  15:49  Overlord x2  
  115  16:14  Hydralisk x3  
  115  16:15  Hydralisk x6  
  133  16:26  Baneling x5  
  133  16:27  Baneling x7  
  133  16:28  Baneling x3  
Show
View Real Time Build Order
Export as new Build Order

Hemeroc Protoss 

Build Orders:  

Get SALT Encoding   

  13  0:07  Probe (Chrono Boost)  
  13  0:17  Probe (Chrono Boost)  
  14  0:31  Pylon  
  14  0:35  Probe (Chrono Boost)  
  15  0:49  Assimilator  
  16  0:50  Probe (Chrono Boost)  
  16  0:52  Gateway  
  16  1:18  Probe (Chrono Boost)  
  17  1:28  Probe (Chrono Boost)  
  17  1:30  Pylon  
  18  1:56  Zealot  
  18  1:58  Assimilator  
  18  2:00  Cybernetics Core  
  20  2:05  Probe (Chrono Boost)  
  21  2:38  Probe (Chrono Boost)  
  21  2:44  Stargate  
  22  2:53  Nexus  
  23  2:58  Probe (Chrono Boost)  
  23  3:09  Probe (Chrono Boost)  
  24  3:19  Probe (Chrono Boost)  
  25  3:22  Stargate  
  25  3:25  Zealot  
  27  3:30  Probe (Chrono Boost)  
  28  3:35  Fleet Beacon  
  28  3:40  Probe (Chrono Boost)  
  29  3:43  Assimilator  
  29  3:45  Assimilator  
  29  3:51  Probe (Chrono Boost)  
  30  4:01  Pylon  
  30  4:03  Probe (Chrono Boost)  
  30  4:05  Pylon  
  30  4:09  Probe (Chrono Boost)  
  32  4:14  Probe (Chrono Boost)  
  33  4:24  Probe (Chrono Boost)  
  33  4:29  Protoss Air Weapons Level 1  
  33  4:30  Tempest (Chrono Boost)  
  38  4:35  Probe (Chrono Boost)  
  39  4:40  Probe (Chrono Boost)  
  39  4:45  Probe (Chrono Boost)  
  41  5:07  Tempest (Chrono Boost)  
  49  5:14  Tempest (Chrono Boost)  
  49  5:18  Pylon  
  49  5:49  Tempest (Chrono Boost)  
  53  5:54  Tempest (Chrono Boost)  
  57  6:00  Probe  
  58  6:07  Forge  
  58  6:22  Pylon  
  58  6:23  Protoss Air Weapons Level 2  
  62  6:33  Tempest (Chrono Boost)  
  62  6:36  Tempest (Chrono Boost)  
  66  6:54  Protoss Shields Level 1  
  70  7:18  Tempest (Chrono Boost)  
  70  7:21  Phoenix (Chrono Boost)  
  72  7:31  Nexus  
  72  7:57  Tempest (Chrono Boost)  
  80  8:49  Tempest (Chrono Boost)  
  68  9:13  Tempest (Chrono Boost)  
  68  9:14  Protoss Air Armor Level 1  
  62  9:21  Probe  
  55  9:34  Stargate  
  55  9:36  Stargate, Tempest (Chrono Boost)  
  55  9:39  Pylon  
  55  9:46  Zealot  
  55  9:50  Tempest (Chrono Boost)  
  61  10:20  Photon Cannon  
  61  10:22  Photon Cannon  
  61  10:24  Photon Cannon  
  61  10:25  Assimilator  
  61  10:26  Assimilator  
  61  10:27  Pylon  
  65  10:29  Tempest (Chrono Boost)  
  65  10:41  Tempest (Chrono Boost)  
  69  10:47  Protoss Air Weapons Level 3  
  73  11:07  Tempest (Chrono Boost)  
  77  11:16  Tempest (Chrono Boost), Pylon  
  77  11:56  Tempest (Chrono Boost)  
  85  12:02  Tempest (Chrono Boost)  
  85  12:36  Tempest (Chrono Boost)  
  97  12:42  Tempest x2 (Chrono Boost)  
  101  13:14  Tempest (Chrono Boost)  
  101  13:16  Tempest (Chrono Boost)  
  89  14:14  Tempest (Chrono Boost)  
  105  14:20  Tempest x3 (Chrono Boost)  
  87  14:51  Tempest (Chrono Boost)  
  55  15:52  Anion Pulse-Crystals  
Show
View Real Time Build Order
Export as new Build Order

Ironman Protoss 

Build Orders: Cannon Rush 

Get SALT Encoding   

  12  0:04  Probe (Chrono Boost)  
  13  0:15  Probe (Chrono Boost)  
  14  0:25  Probe (Chrono Boost)  
  14  0:27  Pylon  
  15  0:46  Probe (Chrono Boost)  
  16  0:50  Forge  
  16  0:56  Probe (Chrono Boost)  
  17  0:57  Pylon  
  17  1:07  Probe (Chrono Boost)  
  18  1:16  Pylon  
  18  1:24  Pylon  
  18  1:32  Pylon  
  18  1:36  Photon Cannon  
  18  1:44  Photon Cannon  
  18  1:50  Photon Cannon  
  18  1:57  Pylon  
  18  2:06  Photon Cannon  
  18  2:16  Photon Cannon  
  18  2:23  Photon Cannon  
  18  2:33  Photon Cannon  
  17  2:59  Photon Cannon  
  17  3:02  Photon Cannon  
  17  3:09  Pylon  
  17  3:14  Probe (Chrono Boost)  
  18  3:24  Probe (Chrono Boost)  
  19  3:30  Photon Cannon  
  19  3:34  Photon Cannon  
  19  3:35  Probe (Chrono Boost)  
  19  3:38  Pylon  
  20  3:45  Probe (Chrono Boost)  
  20  3:46  Assimilator  
  21  3:51  Assimilator  
  21  3:56  Probe (Chrono Boost)  
  21  3:59  Gateway  
  22  4:18  Probe (Chrono Boost)  
  23  4:29  Probe (Chrono Boost)  
  24  4:39  Probe (Chrono Boost)  
  25  4:49  Cybernetics Core  
  25  4:50  Probe (Chrono Boost)  
  26  5:00  Probe (Chrono Boost)  
  27  5:09  Nexus  
  27  5:11  Probe (Chrono Boost)  
  28  5:14  Pylon  
  28  5:19  Pylon  
  28  5:21  Probe (Chrono Boost)  
  28  5:23  Pylon  
  28  5:25  Assimilator  
  28  5:28  Assimilator  
  29  5:32  Probe (Chrono Boost)  
  30  5:37  Photon Cannon  
  30  5:43  Photon Cannon  
  30  5:47  Photon Cannon  
  30  5:50  Photon Cannon  
  30  5:53  Photon Cannon  
  30  5:57  Pylon  
  30  6:07  Photon Cannon  
  30  6:29  Twilight Council  
  30  6:44  Mothership Core (Chrono Boost)  
  32  6:49  Warp Gate (Chrono Boost)  
  32  7:00  Photon Cannon  
  32  7:02  Probe (Chrono Boost), Photon Cannon  
  32  7:04  Photon Cannon  
  33  7:10  Dark Shrine  
  33  7:13  Probe (Chrono Boost)  
  34  7:17  Probe (Chrono Boost)  
  35  7:23  Probe (Chrono Boost)  
  35  7:28  Probe (Chrono Boost)  
  37  7:33  Probe (Chrono Boost)  
  38  7:38  Probe  
  38  7:42  Probe  
  39  7:51  Gateway  
  40  7:53  Probe, Gateway  
  40  7:57  Gateway  
  41  8:53  Dark Templar x2  
  41  8:54  Dark Templar x2  
  41  9:49  Dark Templar x3  
  41  9:50  Dark Templar  
  49  10:03  Probe  
  50  10:14  Probe  
  51  10:24  Probe  
  52  10:35  Probe  
  47  10:45  Probe  
  46  11:01  Pylon  
  46  11:04  Dark Templar  
  46  11:05  Dark Templar x2  
  46  11:06  Dark Templar  
  54  11:33  Robotics Facility  
  46  12:21  Warp Prism (Chrono Boost)  
  48  12:31  Dark Templar x3  
  48  12:32  Dark Templar  
  48  13:32  Dark Templar x2  
  48  13:33  Dark Templar x2  
  56  14:05  Dark Templar x3  
  48  14:51  Dark Templar x3  
  54  15:13  Dark Templar  
  56  15:55  Dark Templar x4  
  56  16:37  Dark Templar x4  
Show
View Real Time Build Order
Export as new Build Order

WrathCrusade Protoss 

Build Orders:  

Get SALT Encoding   

  12  0:17  Pylon  
  12  0:21  Probe (Chrono Boost)  
  13  0:32  Probe (Chrono Boost)  
  14  0:38  Forge  
  14  0:48  Gateway  
  14  0:56  Probe (Chrono Boost)  
  15  1:07  Probe (Chrono Boost)  
  16  1:19  Photon Cannon  
  16  1:23  Photon Cannon  
  16  1:32  Assimilator  
  16  1:33  Probe (Chrono Boost)  
  17  1:42  Pylon  
  17  1:44  Probe (Chrono Boost)  
  17  1:47  Assimilator  
  18  1:54  Probe (Chrono Boost)  
  19  2:05  Probe (Chrono Boost)  
  19  2:07  Cybernetics Core  
  21  2:15  Probe (Chrono Boost)  
  21  2:25  Zealot, Gateway  
  23  2:38  Probe (Chrono Boost)  
  24  2:49  Stargate, Probe (Chrono Boost)  
  25  3:05  Stalker  
  27  3:15  Pylon  
  27  3:31  Pylon  
  27  3:38  Photon Cannon  
  27  3:44  Stalker  
  27  3:47  Void Ray  
  33  3:58  Photon Cannon  
  33  4:42  Nexus  
  33  4:45  Assimilator  
  33  4:48  Assimilator  
  33  4:57  Twilight Council  
  33  5:02  Gateway  
  33  5:03  Warp Gate (Chrono Boost)  
  33  5:15  Void Ray  
  37  5:29  Probe  
  38  5:41  Probe, Dark Shrine  
  39  5:53  Probe  
  39  5:54  Probe  
  41  6:04  Probe  
  42  6:15  Probe  
  41  6:25  Probe  
  38  6:36  Probe  
  39  7:05  Probe  
  40  7:10  Dark Templar  
  42  7:15  Probe, Void Ray  
  47  7:24  Probe  
  47  7:26  Probe  
  49  7:33  Protoss Air Weapons Level 1 (Chrono Boost)  
  49  7:36  Probe x2  
  50  7:41  Stargate  
  51  7:45  Pylon  
  51  7:47  Probe  
  51  7:49  Probe  
  53  7:57  Probe  
  53  7:58  Void Ray, Dark Templar  
  55  7:59  Dark Templar  
  55  8:03  Probe  
  55  8:04  Dark Templar  
  65  8:11  Pylon  
  65  8:15  Probe  
  66  8:20  Photon Cannon  
  62  8:36  Void Ray, Fleet Beacon  
  66  8:41  Void Ray  
  66  8:42  Probe  
  71  8:52  Probe  
  72  9:00  Nexus  
  72  9:02  Assimilator  
  72  9:04  Probe  
  72  9:07  Assimilator  
  73  9:16  Probe  
  74  9:17  Stargate  
  74  9:19  Dark Templar  
  76  9:28  Probe  
  76  9:30  Graviton Catapult  
  76  9:40  Probe  
  77  9:52  Probe, Pylon  
  78  9:56  Pylon  
  78  10:25  Dark Templar  
  78  10:27  Anion Pulse-Crystals  
  80  10:30  Void Ray x3  
  92  10:52  Nexus  
  92  10:53  Assimilator  
  92  11:10  Dark Templar  
  94  11:26  Stargate  
  91  12:10  Carrier  
  50  12:38  Carrier x3  
  68  12:49  Assimilator  
  68  12:56  Stalker  
  70  13:03  Dark Templar  
  72  13:36  Void Ray  
  72  13:40  Stalker  
  78  13:47  Gateway x2  
  78  13:55  Protoss Ground Weapons Level 1  
  78  14:10  Nexus  
  78  14:11  Assimilator  
  78  14:16  Assimilator  
  74  14:43  Dark Templar  
  68  15:16  Stalker x3  
  52  16:07  Dark Templar x3  
  58  16:18  Dark Templar  
  56  16:55  Dark Templar  
  56  16:58  Dark Templar  
Tags
 
Add a new tag
Caveats
  • Supply blocks, unpowered buildings, or Contaminate may cause inaccurate times.
  • Supply counts are checked every 10 seconds.